 Dungeon Crawl Stone Soup version 0.29.1-15-g9cfb28693d (webtiles) character file.

Game seed: 3832301979791420163

9 Alturiack the Trooper (level 2, -1/19 HPs)
             Began as a Gargoyle Berserker on Apr 10, 2023.
             Was a Follower of Trog.
             Slain by a frilled lizard (2 damage)
             ... on level 1 of the Dungeon.
             The game lasted 00:01:22 (376 turns).

Alturiack the Trooper (Gargoyle Berserker)           Turns: 376, Time: 00:01:23

Health: -1/19      AC:  6    Str: 20    XL:     2   Next: 12%
Magic:  2/2        EV: 12    Int:  7    God:    Trog [*.....]
Gold:   15         SH:  0    Dex:  9    Spells: 1/1 levels left

rFire   . . .      SeeInvis .   a - +0 spear
rCold   . . .      Faith    .   (no shield)
rNeg    + . .      Spirit   .   b - +0 animal skin
rPois   ∞          Reflect  .   e - +0 helmet
rElec   +          Harm     .   (no cloak)
rCorr   .          Rampage  .   (no gloves)
Will    .....                   (no boots)
Stlth   +.........              (no amulet)
HPRegen 0.06/turn               (no ring)
MPRegen 0.08/turn               (no ring)

@: no status effects
A: sickness immunity, AC +2, negative energy resistance 1, electricity
resistance, torment resistance 1, petrification resistance
a: Renounce Religion, Berserk


You were on level 1 of the Dungeon.
You worshipped Trog.
Trog was aware of your devotion.
You visited 1 branch of the dungeon, and saw 1 of its levels.

You collected 15 gold pieces.

Inventory:

Hand Weapons
 a - a +0 spear (weapon)
Armour
 b - a +0 animal skin (worn)
 e - a +0 helmet (worn)
Scrolls
 c - a scroll of noise {unknown}
 f - a scroll of identify {unknown}
Potions
 d - a potion of might {unknown}


   Skills:
 + Level 3.4 Fighting
 + Level 2.8 Polearms
 + Level 2.4 Armour
 + Level 1.8 Dodging


You had one spell level left.
You didn't know any spells.
Your spell library was empty.

Dungeon Overview and Level Annotations

Branches:
Dungeon (1/15)

Altars:


Innate Abilities, Weirdness & Mutations

You are immune to sickness and miasma.
Your stone body is resilient. (AC +2)
You are immune to poison.
You resist negative energy. (rN+)
You are resistant to electric shocks. (rElec)
You are resistant to unholy torment.
You are immune to petrification.


Message History

You see here 18 gold pieces.
You hit the endoplasm but do no damage. The endoplasm freezes you.
You are frozen.
The goblin hits you with a +0 dagger. The frilled lizard bites you.
You are too injured to fight recklessly!
You are too injured to fight recklessly!
You are too injured to fight recklessly!
You are too injured to fight recklessly!
You are too injured to fight recklessly!
You hit the goblin but do no damage. The endoplasm freezes you.
You are frozen.
* * * LOW HITPOINT WARNING * * *
The goblin hits you with a +0 dagger.
* * * LOW HITPOINT WARNING * * *
The frilled lizard closely misses you.
You hit the goblin.
You kill the goblin!
Trog accepts your kill.
The endoplasm hits you but does no damage.
The frilled lizard barely misses you.
You have reached level 2!
You hit the kobold.
The kobold is severely wounded.
The kobold closely misses you. The endoplasm freezes you.
You are frozen.
* * * LOW HITPOINT WARNING * * *
The frilled lizard barely misses you.
You hit the kobold.
You kill the kobold!
Trog accepts your kill. The frilled lizard bites you.
* * * LOW HITPOINT WARNING * * *
The endoplasm barely misses you.
Items here: $ ( )) [ †.
The endoplasm attacks as you move away! The endoplasm closely misses you.
The frilled lizard bites you.
You die...

#.......###.# #...#
#.#..... #......# #...#
#.#....# #######.#####
#...# #.##.#.# ........#
##.## #......# .#####..#
### .# ####....
.##.....###...## .# #####
....##.###.# #.###.# # #
.#####.# #.# #Jl...#(#
.#####.###.###.)@...#.#
.......>.[....###....#
######.......###....^....
#.......##.......###
#.................#
#.......##.......##
#.......###.....##
#.......# #.....#
####......#.....#


You could see an endoplasm and a frilled lizard.

Vanquished Creatures
  2 endoplasms (D:1)
  A hobgoblin (D:1)
  A kobold (D:1)
  A ball python (D:1)
  2 goblins (D:1)
  A rat (D:1)
8 creatures vanquished.

Vanquished Creatures (others)
  A plant (D:1)
1 creature vanquished.

Grand Total: 9 creatures vanquished

Notes
Turn   | Place    | Note
-------+----------+-------------------------------------------
     0 | D:1      | Alturiack the Gargoyle Berserker began the quest for the
                  | Orb.
     0 | D:1      | Reached XP level 1. HP: 14/14 MP: 1/1
   373 | D:1      | Reached XP level 2. HP: 5/19 MP: 2/2
   376 | D:1      | Slain by a frilled lizard

Illustrated notes

Levels and vault maps discovered:
D:1:      tarquinn_simple_flora_water_a, layout_loops_cross,
          hellmonk_ecumenical_altar_leap_of_faith

Action                   || total
-------------------------++-------
Melee: Spear             ||    30
       Punch             ||     1
Armor: Animal skin       ||    17
Dodge: Dodged            ||    28
